 Dungeon Crawl Stone Soup version 0.32-a0-960-g3814254bd7 (webtiles) character file.

Game seed: 13477873698443494469

63 trashops the Covered (level 3, -4/33 HPs)
             Began as a Mountain Dwarf Fighter on Apr 17, 2024.
             Slain by an orc
             ... wielding a +0 war axe
              (6 damage)
             ... on level 2 of the Dungeon.
             The game lasted 00:02:21 (914 turns).

trashops the Covered (Mountain Dwarf Fighter)        Turns: 914, Time: 00:02:22

Health: -4/33      AC:  7    Str: 20    XL:     3   Next: 89%
Magic:  3/3        EV:  8    Int:  8    God:
Gold:   41         SH:  4    Dex:  9    Spells: 2/2 levels left

rFire   . . .        a - +0 war axe
rCold   + . .        c - +0 buckler
rNeg    . . .        b - +0 scale mail
rPois   .            (no helmet)
rElec   .            (no cloak)
rCorr   .            (no gloves)
SInv    .            (no boots)
Will    .....        (no amulet) Stlth
                     e - ring of protection from cold
HPRegen 0.25/turn    (no ring)
MPRegen 0.08/turn

%: no passive effects
@: no status effects
A: runic magic, artefact enchanting
a: no special abilities


You were on level 2 of the Dungeon.
You visited 1 branch of the dungeon, and saw 2 of its levels.

You collected 41 gold pieces.

Inventory:

Hand Weapons
 a - a +0 war axe (weapon)
Armour
 b - a +0 scale mail (worn)
 c - a +0 buckler (worn)
Jewellery
 e - a ring of protection from cold (left hand)
 g - a +6 ring of dexterity
Potions
 d - 2 potions of might
 f - a potion of haste {unknown}


   Skills:
 * Level 3.8 Fighting
 * Level 3.7 Axes
 * Level 3.9 Armour
 + Level 3.5 Shields


You had 2 spell levels left.
You didn't know any spells.
Your spell library was empty.

Dungeon Overview and Level Annotations

Branches:
Dungeon (2/15)

Altars:


Innate Abilities, Weirdness & Mutations

Your spellcasting is much less encumbered by armour.
You can use scrolls of enchantment on lesser artefacts.


Message History

An orc comes into view. It is wielding a +0 club.
The orc shouts!
An orc comes into view. It is wielding a +0 trident.
The orc shouts!
The orc hits you but does no damage.
You slash the orc!
You kill the orc!
You hit the orc but do no damage. The orc closely misses you.
The adder barely misses you.
You miss the adder. You barely miss the orc. You block the adder's attack.
You block the orc's attack. The adder bites you but does no damage.
You barely miss the adder. You hit the orc but do no damage.
You closely miss the orc. You block the orc's attack.
The orc hits you with a +0 war axe. The adder bites you but does no damage.
The orc barely misses you. You block the orc's attack.
The orc hits you with a +0 war axe!
You slash the adder!
The adder is severely wounded.
You barely miss the orc. You closely miss the orc.
The adder bites you but does no damage. x2
The orc hits you but does no damage. The orc hits you with a +0 war axe.
The orc barely misses you.
You barely miss the adder.
The adder is severely wounded.
You hit the orc. x2
You kill the orc!
You block the adder's attack. The orc closely misses you.
You block the orc's attack. The adder bites you.
You are too injured to fight recklessly!
Unknown command.
You closely miss the adder.
The adder is severely wounded.
You hit the orc but do no damage. The orc hits you with a +0 war axe.
The orc hits you from afar with a +0 trident!
* * * LOW HITPOINT WARNING * * *
The adder barely misses you.
The orc hits you from afar with a +0 trident.
* * * LOW HITPOINT WARNING * * *
The orc hits you with a +0 war axe.
You die...

.P..##......#######
.#..#######.......#
....#### #.......#
##.....####.......# .
##...............# #..
#...........##### ....
#.###.......#####.....
###.#
#..........So>....
....# #.........@)#...
##### #######...o.#
#.....# #.....#
#.....# #### #.....#
##.### ####### ......
.###.#


You could see an adder and 2 orcs.

Vanquished Creatures
  3 adders (D:2)
  2 dart slugs (D:1)
  2 orcs (D:2)
  A ball python (D:2)
  3 endoplasms
  A giant cockroach (D:2)
  3 goblins
  3 hobgoblins
  A quokka (D:1)
  4 bats
  2 frilled lizards
  2 kobolds (D:1)
  3 rats
30 creatures vanquished.

Notes
Turn   | Place    | Note
-------+----------+-------------------------------------------
     0 | D:1      | trashops the Mountain Dwarf Fighter began the quest for the
                  | Orb.
     0 | D:1      | Reached XP level 1. HP: 19/19 MP: 1/1
    61 | D:1      | Reached XP level 2. HP: 22/26 MP: 2/2
   230 | D:1      | Found a faded altar of an unknown god.
   544 | D:2      | Reached XP level 3. HP: 15/33 MP: 3/3
   914 | D:2      | Slain by an orc

Illustrated notes

Levels and vault maps discovered:
D:1:      amcnicky_arrival_single_pillar, layout_rooms,
          hellmonk_ecumenical_altar_zigzags
D:2:      layout_basic, basic_altar, minmay_misc_feat_square,
          nicolae_concentric_dashed_squares_wild, chequers_serial_rivers_room_b,
          guppyfry_early_lair_pool

Skill      XL: |  1  2 |
---------------+-------+-----
Axes           | 3 |  3.7
Fighting       | |  3.8
Armour         | |  3.9
Shields        | |  3.5

Action                     || total
---------------------------++-------
  Melee: War axe           ||   112
    Use: Potion            ||     3
         Scroll            ||     1
 Armour: Scale mail        ||    97
  Dodge: Dodged            ||    53
  Block: Buckler           ||    36

Table legend: (Time is in decaauts)
 A = Elapsed time spent in this place.
 B = Non-inter-level travel time spent in this place.
 C = Inter-level travel time spent in this place.
 D = Time resting spent in this place.
 E = Time spent auto-exploring this place.
 F = Levels seen in this place.
 G = Mean time per level.
                   A        B        C        D        E       F      G
               +--------+--------+--------+--------+--------+-----+--------+
         Total |    959 |    948 |     11 |     71 |    613 |   2 |  479.5 |
       Dungeon |    959 |    948 |     11 |     71 |    613 |   2 |  479.5 |
               +--------+--------+--------+--------+--------+-----+--------+

Top non-repeatable levels by time:
     D:1: 509 daAuts
     D:2: 450 daAuts
